Workbook

Sheet Group Heuristic Evaluation
A1: Prototype Description: | B1: Prototype of DareDrop, a mobile app designed to help recent graduates adjust to post-grad life and reconnect with their creativity by providing daily, low effort, creative dares. | G1: IMPORTANT: TO MAKE SURE FORMULAS WORK PROPERLY 1) DO NOT ADD/DELETE ANY COLUMNS 2) ONLY ADD ROWS TO THE BOTTOM OF THE TABLE (NOT THE TOP)
D3: Your TA will remove your names before the document is given to the project team. Under the 'Found by' column, use these letters to identify yourselves | G3: When finished, please double check your numbers under 'evaluation statistics' & let your TA know if there's a bug with the formula
A4: Simple Task | B4: User recieves their daily dare | D4: Evaluator A:
A5: Moderate Task | B5: User sees their past dares | D5: Evaluator B:
A6: Complex Task | B6: Users can share their creative engagement and pass on dares to other users | D6: Evaluator C:
D7: Evaluator D:
F9: *attach images in this column if helpful
A10: Problem # | B10: Heuristic | C10: Task | D10: Severity | E10: Description | F10: Images | G10: Rationale | H10: Fix | I10: Found by | J10: Column 1
A11: =ROW() - 10 -> 1 | B11: H8: Aesthetic & Minimalist Design | C11: 1. Simple Task | D11: 1 | E11: The congrats text on the congrats page is a light yellow on a light background, having low contrast and the "complete" and "see progress" buttons also have low contrast from the background. | G11: The congrats message should stand out more to make it more legible to the user. Additionally, the complete button should be the most important one in the screen at first --- since that is their first task, so ensuring that it is clear and legible is important. | H11: Increase the contrast by darkening the yellow or by selecting a color for the container that is darker. | I11: A, C, D
A12: =ROW() - 10 -> 2 | B12: H3: User Control & Freedom | C12: 1. Simple Task | D12: 3 | E12: After completing the dare, such as writing the story, the user is not able to go back and modify it if they want to. | G12: Users should have the flexibility to return to the screen where they can submit/change their dare in the case that they accidently press complete. | H12: Still include the back arrow in the complete page to take them back to inputing their dare. | I12: B, C, D
A13: =ROW() - 10 -> 3 | B13: H7: Flexibility & Efficiency of Use | C13: 2. Moderate Task | D13: 4 | E13: [Recieve Inspiration Flow] When I am in the home page, I am not able to see the past dares by clicking on the Your Dares card and only from a small bubble within the your dare preview. | G13: It can be confusing for users to see this card component and not be able to actually view the full dares page. There is also no reason/value of having this card component in the home screen if the user won't be able to access it fully. | H13: When someone clicks on the Your Dares card in the home page, it should take them to the full Your Dares page. | I13: A, D, C | J13: works only sometimes - mikela
A14: =ROW() - 10 -> 4 | B14: H7: Flexibility & Efficiency of Use | C14: 2. Moderate Task | D14: 4 | E14: [Writing dare flow] Users are unable to open their past dares from the main home screen unless they have opened their dare for the day. Unclear if this is intentional or not. The window for your dares appears, but it isn't a clickable asset. | G14: Users may want to quickly look through their past dares before completing their dare, or try to quickly access something to reference for their new dare. Hopefully users could access them if needed. | H14: Have the your dares window lead to the corresponding page. Otherwise, make it clearer that users must complete today's dare in order to access past dares.
A15: =ROW() - 10 -> 5 | B15: H7: Flexibility & Efficiency of Use | C15: 2. Moderate Task | D15: 3 | E15: While the visual display for the dares is unique and interesting, it is hard to search or find a specific dare --- especially if there are many. | G15: If someone has a lot of dares, it may be hard to easily navigate through all of them or find the memory that they specifically have | H15: A way to sort the dares by day (week, month, year) or a way to filter them. | I15: C, B, A, D
A16: =ROW() - 10 -> 6 | B16: H1: Visibility of System Status | C16: 1. Simple Task | D16: 3 | E16: After a user create a dare, there is no indication of where that dare has been stored. | G16: When a user creates a dare, they want to see where they can find it in the "View your past dares" page. | H16: When someone creates a dare, and they click on see past dares, the newly added dare should appear highlighted for a few seconds on the page. | I16: D
A17: =ROW() - 10 -> 7 | B17: H4: Consistency & Standards | C17: 5. Extra Violations | D17: 4 | E17: After a user creates a dare and goes back to the home page, they layout of the home page is different --- the logo changes to the right corner, the card has a different background, and you can't see your progress from the streaks anymore. | G17: Having the homepages with very different layouts makes the style inconsistent and may confuse the user to think they are in a different page. | H17: Choose a set layout for the homepage (Logo, streak, and cards should all be in the same place) | I17: C, B, D
A18: =ROW() - 10 -> 8 | B18: H4: Consistency & Standards | C18: 5. Extra Violations | D18: 2 | E18: The shadow effects are used inconsistently. Some cards have shadows while other buttons have shadows and others don't. | G18: This makes it confusing for the user to know which elements are clickable or not. | H18: Apply the shadow effect only to components that are buttons. | I18: D, B
A19: =ROW() - 10 -> 9 | B19: H7: Flexibility & Efficiency of Use | C19: 3. Complex Task | D19: 3 | E19: When you create a dare, you're not able to immediately share that with a friend or pass it on. | G19: When someone creates a dare and they immediately want to share that with other people, they will, supposedly, have to navigate to the past dares page, click on it, and then share --- this process is too long. | H19: After someone creates a dare, an overlay can pop up asking them if they want to share this dare | I19: A, D, C
A20: =ROW() - 10 -> 10 | B20: H7: Flexibility & Efficiency of Use | C20: 1. Simple Task | D20: 3 | E20: When a user clicks on a card that says they completed their dare, they are taken to the congrats page, but they're not able to actually see the dare they did. | G20: This makes it hard for users to easily check back their dare submission once they have created it. | H20: When someone clicks on the circle that contains a preview of their dare, they should be able to see it. | I20: A, B, D, C
A21: =ROW() - 10 -> 11 | B21: H4: Consistency & Standards | C21: 2. Moderate Task | D21: 1 | E21: Text inconsistency -- in the card it says "Your Dares", but in the actual page it says "Your Past Dares" | G21: It's important to ensure that the headers are consistent with what the actual page is or it can make it confusing for users to situate themseleves in the app. | H21: Keep either "Your Dares" on both screens or "Your Past Dares" on both screens -- not one or the other. | I21: A, D
A22: =ROW() - 10 -> 12 | B22: H8: Aesthetic & Minimalist Design | C22: 2. Moderate Task | D22: 3 | E22: When you click on the Your Dares page from the card in the home page, both the back and home button appear -- even though they should navigate to the home page. | G22: Having two buttons with the same funcionality is unecessary and adds more information to the visual layout than needed. | H22: Remove the back button and keep only the home icon. | I22: A, C, B, D
A23: =ROW() - 10 -> 13 | B23: H1: Visibility of System Status | C23: 1. Simple Task | D23: 2 | E23: The "completed" text on the card that contains the dare prompt is too small, making it hard to identify whether you completed the dare or not. | G23: It's important for users to easily and quickly see when they have completed a task or not. | H23: Make the completed text more apperent or change the layout to look like a person has completed this task (such as adding a little trophy icon, for example). | I23: A, D
A24: =ROW() - 10 -> 14 | B24: H8: Aesthetic & Minimalist Design | C24: 5. Extra Violations | D24: 2 | E24: The DareDrop logo is too big and serves no actual purpose in the app. | G24: In an app, you want every space to have a purpose, but the logo, aside from letting the user know that they are in your app, has no functionality, making it a bit of a waste of space. | H24: Either remove the logo or make it clickable (to go back to the home page -- that way you can remove the home icon as well). | I24: D
A25: =ROW() - 10 -> 15 | B25: H3: User Control & Freedom | C25: 1. Simple Task | D25: 3 | E25: There is no functionality for the user to save their dare as a draft and continue editing it later. | G25: If a user is in the middle of completing their dare, but they want to explore other aspects of you app, they aren't able to save their progress and easily go back. | H25: Have a button that says, save as draft in the page where the user is completing the dare. | I25: A, B, C, D
A26: =ROW() - 10 -> 16 | B26: H7: Flexibility & Efficiency of Use | C26: 3. Complex Task | D26: 3 | E26: The user can't keep track of what dares they shared with and with whom. | G26: This can make it hard for users to remember what they have shared and with how many people. | H26: An button in the page where they can see the dare, to also be able to see who they've shared it with. | I26: C, D
... A72: =ROW() - 10 -> 62 | B72: H12: Value Alignment & Inclusion | C72: 1. Simple Task | D72: 3 | E72: The dare says to write about a stranger near you, without considering if the user will actually have someone near them. | G72: Users can be in a wide range of situations/locations when they get a dare, including by themselves. Especially considering this app targets post-grads, this is a demographic who could be working from home and not necessarily have a stranger near them. | H72: You could provide more dare options for users to choose from, rather than just 1, or have more of an onboarding process that asks users about their habits or preferences. | I72: C, B
A73: =ROW() - 10 -> 63 | B73: H4: Consistency & Standards | C73: 1. Simple Task | D73: 3 | E73: The streak/fire button doesn't increment after completing a task | F73: [2] | G73: The number of days says 32 both before and after completing the dare, which is a bit confusing. Is 32 the number of days using the app or the number of dares completed on a row? | H73: Have a consistent convention on when to increment the streak count. | I73: C
A74: =ROW() - 10 -> 64 | B74: H4: Consistency & Standards | C74: 1. Simple Task | D74: 2 | E74: The home page button in the top right of the screen isn't immediately visible on the dare completion page. | G74: Users are used to nav bars to get to the home page sitting at the bottom of the screen on phone apps. A user would not look immediately to the top right for the home button. They might not know how they can escape the completion screen. | H74: Moving the home button from the top right to the bottom half of the screen and making it bigger would help the user be able to immediately go to the button and use their previous intuitions from other apps to navigate faster. | I74: B, C
A75: =ROW() - 10 -> 65 | B75: H11: Accessible Design | C75: 2. Moderate Task | D75: 4 | E75: The brown text on reddish orange might be hard to view to those with red-green colorblindness | G75: The reddish orange with light brown text would blend together as these colors compress into yellowish tan tones. It would not be very clear for those who suffer | H75: It might be helpful to add dark brown around the 32 days text or add a text shadow. The color could also be changed to a darker shade of brown to ensure it is distinct. | I75: B
A76: =ROW() - 10 -> 66 | B76: H8: Aesthetic & Minimalist Design | C76: 5. Extra Violations | D76: 1 | E76: Titles are not all using the same font | G76: The headers all use a handdrawn type of text. Ready for your next drop does not do this and uses the same font that is used for the buttons. | H76: Font should stay consistent for all headers. The same font should be used for ready for your next drop | I76: B
A77: =ROW() - 10 -> 67 | B77: H4: Consistency & Standards | C77: 3. Complex Task | D77: 3 | E77: The share your creativity does not give the receiver of a text message any context as to why a person wants them to check out their dare. It also doesn't say what the dare is and simply sends a picture. | G77: It only sends text saying check out my dare and the photo. A person receiving this text will be left wondering what this dare is from and why they sent a picture. Traditionally apps always route a receiver to the app when something is shared to give context from what it is from. It also doesn't say what dare was completed. | H77: Add more text that links back to the app. It might say Complete your own dare: *applink here* It should also say I completed this dare: *insert dare* | I77: B
A78: =ROW() - 10 -> 68 | B78: H6: Recognition not Recall | C78: 3. Complex Task | D78: 1 | E78: Pass it on and share your creativity buttons are not obvious in their function | G78: Users will need to recall what each button does everytime when sharing or read the text below as it is not very obvious | H78: Making clearer labels such as share my completed dare and share this prompt will help reduce time it takes a user to decide which option is right for them. | I78: B, C
A79: =ROW() - 10 -> 69 | B79: H2: Match b/w System & World | C79: 2. Moderate Task | D79: 2 | E79: View button when viewing a past dare isn't very clear in functionality | G79: When view is presented on the progress screen, it clearly says view past dares. A user would be confused why view is shown again when they are already viewing a desired dare. It would also be confusing to see "how did this dare make you feel" directly after hitting view. It doesn't seem very relevant to the functionality of view. Users might not realize that this function exists unless they click view at least once, which means they have to remember when using the app. | H79: It would be good to allow users to simply tap on a photo to make it larger. This would also allow for the option to download after tapping. The view button would be better summarized as an add feelings button. | I79: B

Sheet EDITS based on heuristics
E1: Description | G1: Reasoning | H1: Fix | I1: Done? | J1: Notes (figma) | K1: Done? (code) | L1: Notes (code)
A2: 0 | B2: H3: User Control & Freedom | C2: 1. Simple Task | D2: 3 | E2: After completing the dare, such as writing the story, the user is not able to go back and modify it if they want to. | G2: Users should have the flexibility to return to the screen where they can submit/change their dare in the case that they accidently press complete. | H2: Still include the back arrow in the complete page to take them back to inputing their dare. | I2: TRUE | J2: cosmetic/minor - fix in code | K2: TRUE | L2: back arrow present in selection process, and pencil 'edit' icon appears to allow editing/deletion of dare
A3: 2 | B3: H7: Flexibility & Efficiency of Use | C3: 2. Moderate Task | D3: 3 | E3: While the visual display for the dares is unique and interesting, it is hard to search or find a specific dare --- especially if there are many. | G3: If someone has a lot of dares, it may be hard to easily navigate through all of them or find the memory that they specifically have | H3: A way to sort the dares by day (week, month, year) or a way to filter them. | I3: FALSE | K3: FALSE | L3: not relevant for checkpoint (code)
A4: 3 | B4: H1: Visibility of System Status | C4: 1. Simple Task | D4: 3 | E4: After a user create a dare, there is no indication of where that dare has been stored. | G4: When a user creates a dare, they want to see where they can find it in the "View your past dares" page. | H4: When someone creates a dare, and they click on see past dares, the newly added dare should appear highlighted for a few seconds on the page. | I4: TRUE | K4: TRUE | L4: animation appears when new dare is added to bin
A5: 4 | B5: H7: Flexibility & Efficiency of Use | C5: 3. Complex Task | D5: 3 | E5: When you create a dare, you're not able to immediately share that with a friend or pass it on. | G5: When someone creates a dare and they immediately want to share that with other people, they will, supposedly, have to navigate to the past dares page, click on it, and then share --- this process is too long. | H5: After someone creates a dare, an overlay can pop up asking them if they want to share this dare | I5: TRUE | J5: Overlay is too much and disrupts the flow, lets just have a share button | K5: TRUE | L5: added share button to congrats screen
A6: 5 | B6: H8: Aesthetic & Minimalist Design | C6: 2. Moderate Task | D6: 3 | E6: When you click on the Your Dares page from the card in the home page, both the back and home button appear -- even though they should navigate to the home page. | G6: Having two buttons with the same funcionality is unecessary and adds more information to the visual layout than needed. | H6: Remove the back button and keep only the home icon. | I6: TRUE | K6: TRUE | L6: added 'your dares' page w singular home button | M6: important
A7: 6 | B7: H3: User Control & Freedom | C7: 1. Simple Task | D7: 3 | E7: There is no functionality for the user to save their dare as a draft and continue editing it later. | G7: If a user is in the middle of completing their dare, but they want to explore other aspects of you app, they aren't able to save their progress and easily go back. | H7: Have a button that says, save as draft in the page where the user is completing the dare. | I7: TRUE | J7: same as another - draft, exit confirmation | K7: FALSE | L7: not relevant for photo flow? can just go into camera roll again
A8: 7 | B8: H7: Flexibility & Efficiency of Use | C8: 3. Complex Task | D8: 3 | E8: The user can't keep track of what dares they shared with and with whom. | G8: This can make it hard for users to remember what they have shared and with how many people. | H8: An button in the page where they can see the dare, to also be able to see who they've shared it with. | I8: TRUE | J8: daredrop is not meant to be a social app, it is meant for internal motivation not external | K8: TRUE | L8: not relevant for checkpoint (code)
A9: 8 | B9: H7: Flexibility & Efficiency of Use | C9: 5. Extra Violations | D9: 3 | E9: There is no profile page where a user can see their name, picture, logout, etc. | G9: A user should be able to easily access the profile information and be able to change things like how there name is used throughout the app. | H9: Include a profile picture icon on the top left corner that, once clicked, allows users to change their account information. | I9: FALSE | J9: not priority/minor - fix in code later | K9: FALSE | L9: not relevant for checkpoint (code)
A10: 9 | B10: H8: Aesthetic & Minimalist Design | C10: 1. Simple Task | D10: 3 | E10: There is no big incentive to complete the dare. | G10: The Dare card doesn't stand out as much to promote or spark user's interest to complete the dare. | H10: Have a countdown to complete the dare or a attention-grabbing icon that represents that dare. | I10: TRUE | J10: envelope interaction | K10: TRUE | L10: envelope animation
A11: 10 | B11: H11: Accessible Design | C11: 2. Moderate Task | D11: 3 | E11: The bubbles are of varying sizes which are all pretty small on the dare screen, as it would be on mobile. It's pretty hard to view and scan through all your past dares in the current UI provided. It is a brief, random image and could be hard for users to associate with specific images and making it hard for those who have poor eyes. | G11: This prevents users from actually finding the dares they have in mind and makes it hard for those with poor eyesight to effectively view all of their dares in a quick manner. | H11: Having a soft hover feature where users can scrub through to enlarge the image to make it easier for the users to actually view the images in full size. | I11: TRUE | K11: FALSE | L11: no soft hover needed in mobile, will add photo expansion in past dares flow
A12: 11 | B12: H2: Match b/w System & World | C12: 3. Complex Task | D12: 3 | E12: Upon clicking into a specific date from your past dare page, the header of the dare is "dare 11". To the user, the dare count doesn't have much significance as they're not likely counting up the amounts of dares they've done. | G12: This contradicts the way the user thinks about the app as you want it to be fun and playful, so the user is likely not quantifying their dares. Having it match more of the real world by having the header be related to the actual creative output would align more with the world. | H12: Move up the caption of the image to be the title. Or, include some sort of smart labeling that was previously mentioned to come up with a title for the creative piece. | I12: FALSE | J12: cosmetic/minor - fix in code later | K12: FALSE | L12: will add photo details in past dares flow
A13: 12 | B13: H4: Consistency & Standards | C13: 1. Simple Task | D13: 3 | E13: Pencil icon next to the given dare aligns with other UI that suggests that the text field with the icon is editable for the user. The blue font especially underlines this thought process as blue typically indicates a temporary field. | G13: In violation of H4 because it isn't consistent with UI standards as the ... with a pencil icon is typically indicative of a field for the user to fill up. It leads to confusion for the user and potentially misunderstandign the dare assigned to them. | H13: Change the pencil icon to something like a journal, or use some visual differentiator to separate the pencil from the text field. Maybe have the pencil in a different color, size or above/below the dare. | I13: TRUE | J13: can get rid of the icon entirely - is not necessary as long as the dare card seems pressable | K13: TRUE | L13: removing pencil in code version
A14: 13 | B14: H5: Error Prevention | C14: 1. Simple Task | D14: 4 | E14: If the user is currently working on a dare within the app, like the text prompt given, what would happen to the inputted task if they left the screen or could go back? There are no signs of this potential error happening in your prototype, but it is likely to happen at some point for users. | G14: Typically, if users accidentally click out of something they've been making progress on, there would be some pop-up that would inform them that they are exiting a workflow. With the prototype not allowing you to actually model this, it is hard to understand what the error prevention guardrails would look like. | H14: Include a pop-up upon the user exiting to let them know that their progress has not been submitted. Maybe include a way for them to come back to it and complete it later or tell them that all of their progress will be lost. | I14: TRUE | K14: FALSE | L14: not relevant for checkpoint (code), will add save func for writing flow
A15: 14 | B15: H9: Help Users with Errors | C15: 1. Simple Task | D15: 4 | E15: Give the user an option to recover the progress on a dare they previously incompleted. With people exiting apps or multitasking they may lose progress so help the user recover and return to theproject. | G15: Users may have spent a lot of time on a project/dare and simply forgot to submit it and exited the app. This would be quite troubling as this is a common error that could cost the user a lot of time and could discourage the user. | H15: Have a pop-up notification in case the user has entered something in the field but hasn't submitted to reconfirm. Or upon openning the app and having an unsubmitted draft, ask the user tif they want to discard or continue the draft. | I15: TRUE | J15: is basically the same as above | K15: FALSE | L15: not relevant for checkpoint (code), will add save func for writing flow
A16: 15 | B16: H10: Help & Documentation | C16: 1. Simple Task | D16: 3 | E16: The example dare shows a title before the story in the text box but this is not going to be the case for all users since no instructions to add a title are given. | G16: Not all users will be inclined to use a title as the task is to only give a short story. In these cases, it might be troublesome for users to access their dare after cometion as the dare ball created from the example has the title within. How would the ball be titled if a user isn't inclined to give one on their own. | H16: Have a box for a title when a text based task is given to give users easy access later | I16: FALSE | J16: cosmetic/minor - add in code later | K16: FALSE | L16: not relevant for checkpoint (code), will add save func for writing flow
A17: 16 | B17: H12: Value Alignment & Inclusion | C17: 1. Simple Task | D17: 3 | E17: The dare says to write about a stranger near you, without considering if the user will actually have someone near them. | G17: Users can be in a wide range of situations/locations when they get a dare, including by themselves. Especially considering this app targets post-grads, this is a demographic who could be working from home and not necessarily have a stranger near them. | H17: You could provide more dare options for users to choose from, rather than just 1, or have more of an onboarding process that asks users about their habits or preferences. | I17: TRUE | K17: TRUE
A18: 17 | B18: H11: Accessible Design | C18: 2. Moderate Task | D18: 4 | E18: The brown text on reddish orange might be hard to view to those with red-green colorblindness | G18: The reddish orange with light brown text would blend together as these colors compress into yellowish tan tones. It would not be very clear for those who suffer | H18: It might be helpful to add dark brown around the 32 days text or add a text shadow. The color could also be changed to a darker shade of brown to ensure it is distinct. | I18: TRUE | J18: cosmetic/minor - add in code later | K18: TRUE | L18: switched color styles in code
A19: 18 | B19: H4: Consistency & Standards | C19: 3. Complex Task | D19: 3 | E19: The share your creativity does not give the receiver of a text message any context as to why a person wants them to check out their dare. It also doesn't say what the dare is and simply sends a picture. | G19: It only sends text saying check out my dare and the photo. A person receiving this text will be left wondering what this dare is from and why they sent a picture. Traditionally apps always route a receiver to the app when something is shared to give context from what it is from. It also doesn't say what dare was completed. | H19: Add more text that links back to the app. It might say Complete your own dare: *applink here* It should also say I completed this dare: *insert dare* | I19: TRUE | K19: FALSE | L19: not relevant for checkpoint (code)
A20: 19 | B20: H7: Flexibility & Efficiency of Use | C20: 1. Simple Task | D20: 3 | E20: When a user clicks on a card that says they completed their dare, they are taken to the congrats page, but they're not able to actually see the dare they did. | G20: This makes it hard for users to easily check back their dare submission once they have created it. | H20: When someone clicks on the circle that contains a preview of their dare, they should be able to see it. | J20: i think this is resolved in the code? but a bit unclear on what this is saying Maybe it means when you click on the completed dare card, it should go straight to what you did for the dare rather than the congrats page | L20: not exactly sure what this is saying... but the dare title is shown on the envelope even after completion so seems like this is resolved?
A21: 20 | B21: H4: Consistency & Standards | C21: 5. Extra Violations | D21: 4 | E21: After a user creates a dare and goes back to the home page, they layout of the home page is different --- the logo changes to the right corner, the card has a different background, and you can't see your progress from the streaks anymore. | G21: Having the homepages with very different layouts makes the style inconsistent and may confuse the user to think they are in a different page. | H21: Choose a set layout for the homepage (Logo, streak, and cards should all be in the same place) | K21: TRUE | L21: resolved- have consistent homepage in code
A22: 21 | B22: H1: Visibility of System Status | C22: 4. All Tasks | D22: 4 | E22: It seems like halfway through, there are certain times when you jump forward a day into homescreen with the dare with the photo dare, and sometimes you go into the dare with the text. It isn't clear which day we're on or how we're jumping between the two times. | G22: The status of viewing your daily screen is not clear as to how you are going back and forth. Potentially, this is a prototyping error? Otherwise, this is confusing for the user as there is no clear date on the screen to show which dare they are on the home screen, for if it is a past or current dare. | H22: Either remove the ability to view the dares from the home screen of different days or have an explicit button to go back and forth between days. | K22: TRUE | L22: we'll only have the current day's dare prompt accessible from home screen. past dares will be accessed through 'your dares' page
A23: 22 | B23: H8: Aesthetic & Minimalist Design | C23: 2. Moderate Task | D23: 4 | E23: When accessing the your past dares page, there is a weird bug where it will briefly fade into the main home page back and forth without and indication or specific reason between going back between the two. | G23: This transition is unsettling for the user and may make them confused as to which screen they are currently on and impedes on the minimalist design and transitions in place | H23: Keep the transition to the home page through the navigation bar and have the your past dares screen constantly on, unless explicitly exited. | K23: TRUE | L23: no bug present in code when switching
A24: 23 | B24: H4: Consistency & Standards | C24: 1. Simple Task | D24: 3 | E24: The streak/fire button doesn't increment after completing a task | F24: [2] | G24: The number of days says 32 both before and after completing the dare, which is a bit confusing. Is 32 the number of days using the app or the number of dares completed on a row? | H24: Have a consistent convention on when to increment the streak count. | K24: TRUE | L24: fixed in code
A25: 24 | B25: H7: Flexibility & Efficiency of Use | C25: 2. Moderate Task | D25: 4 | E25: [Recieve Inspiration Flow] When I am in the home page, I am not able to see the past dares by clicking on the Your Dares card and only from a small bubble within the your dare preview. | G25: It can be confusing for users to see this card component and not be able to actually view the full dares page. There is also no reason/value of having this card component in the home screen if the user won't be able to access it fully. | H25: When someone clicks on the Your Dares card in the home page, it should take them to the full Your Dares page. | K25: TRUE | L25: fixed in code
A26: 25 | B26: H7: Flexibility & Efficiency of Use | C26: 2. Moderate Task | D26: 4 | E26: [Writing dare flow] Users are unable to open their past dares from the main home screen unless they have opened their dare for the day. Unclear if this is intentional or not. The window for your dares appears, but it isn't a clickable asset. | G26: Users may want to quickly look through their past dares before completing their dare, or try to quickly access something to reference for their new dare. Hopefully users could access them if needed. | H26: Have the your dares window lead to the corresponding page. Otherwise, make it clearer that users must complete today's dare in order to access past dares. | K26: TRUE | L26: fixed in code
B32: issues due to figma limitations

Sheet Summary of Evaluations
A1: Heuristic | B1: # Viol. (sev 0) | C1: # Viol. (sev 1) | D1: # Viol. (sev 2) | E1: # Viol. (sev 3) | F1: # Viol. (sev 4) | G1: # Viol. (total)
A2: H1: Visibility of System Status | B2: =COUNTIFS('Group Heuristic Evaluation'!B:B, "H1: Visibility of System Status", 'Group Heuristic Evaluation'!D:D, 0) -> 0 | C2: =COUNTIFS('Group Heuristic Evaluation'!B:B, "H1: Visibility of System Status", 'Group Heuristic Evaluation'!D:D, 1) -> 2 | D2: =COUNTIFS('Group Heuristic Evaluation'!B:B, "H1: Visibility of System Status", 'Group Heuristic Evaluation'!D:D, 2) -> 3 | E2: =COUNTIFS('Group Heuristic Evaluation'!B:B, "H1: Visibility of System Status", 'Group Heuristic Evaluation'!D:D, 3) -> 1 | F2: =COUNTIFS('Group Heuristic Evaluation'!B:B, "H1: Visibility of System Status", 'Group Heuristic Evaluation'!D:D, 4) -> 1 | G2: =SUM(B2:F2) -> 7
A3: H2: Match b/w System & World | B3: =COUNTIFS('Group Heuristic Evaluation'!B:B, "H2: Match b/w System & World", 'Group Heuristic Evaluation'!D:D, 0) -> 0 | C3: =COUNTIFS('Group Heuristic Evaluation'!B:B, "H2: Match b/w System & World", 'Group Heuristic Evaluation'!D:D, 1) -> 0 | D3: =COUNTIFS('Group Heuristic Evaluation'!B:B, "H2: Match b/w System & World", 'Group Heuristic Evaluation'!D:D, 2) -> 2 | E3: =COUNTIFS('Group Heuristic Evaluation'!B:B, "H2: Match b/w System & World", 'Group Heuristic Evaluation'!D:D, 3) -> 1 | F3: =COUNTIFS('Group Heuristic Evaluation'!B:B, "H2: Match b/w System & World", 'Group Heuristic Evaluation'!D:D, 4) -> 0 | G3: =SUM(B3:F3) -> 3
A4: H3: User Control & Freedom | B4: =COUNTIFS('Group Heuristic Evaluation'!B:B, "H3: User Control & Freedom", 'Group Heuristic Evaluation'!D:D, 0) -> 1 | C4: =COUNTIFS('Group Heuristic Evaluation'!B:B, "H3: User Control & Freedom", 'Group Heuristic Evaluation'!D:D, 1) -> 1 | D4: =COUNTIFS('Group Heuristic Evaluation'!B:B, "H3: User Control & Freedom", 'Group Heuristic Evaluation'!D:D, 2) -> 1 | E4: =COUNTIFS('Group Heuristic Evaluation'!B:B, "H3: User Control & Freedom", 'Group Heuristic Evaluation'!D:D, 3) -> 2 | F4: =COUNTIFS('Group Heuristic Evaluation'!B:B, "H3: User Control & Freedom", 'Group Heuristic Evaluation'!D:D, 4) -> 0 | G4: =SUM(B4:F4) -> 5
A5: H4: Consistency & Standards | B5: =COUNTIFS('Group Heuristic Evaluation'!B:B, "H4: Consistency & Standards", 'Group Heuristic Evaluation'!D:D, 0) -> 0 | C5: =COUNTIFS('Group Heuristic Evaluation'!B:B, "H4: Consistency & Standards", 'Group Heuristic Evaluation'!D:D, 1) -> 3 | D5: =COUNTIFS('Group Heuristic Evaluation'!B:B, "H4: Consistency & Standards", 'Group Heuristic Evaluation'!D:D, 2) -> 2 | E5: =COUNTIFS('Group Heuristic Evaluation'!B:B, "H4: Consistency & Standards", 'Group Heuristic Evaluation'!D:D, 3) -> 3 | F5: =COUNTIFS('Group Heuristic Evaluation'!B:B, "H4: Consistency & Standards", 'Group Heuristic Evaluation'!D:D, 4) -> 1 | G5: =SUM(B5:F5) -> 9
A6: H5: Error Prevention | B6: =COUNTIFS('Group Heuristic Evaluation'!B:B, "H5: Error Prevention", 'Group Heuristic Evaluation'!D:D, 0) -> 0 | C6: =COUNTIFS('Group Heuristic Evaluation'!B:B, "H5: Error Prevention", 'Group Heuristic Evaluation'!D:D, 1) -> 0 | D6: =COUNTIFS('Group Heuristic Evaluation'!B:B, "H5: Error Prevention", 'Group Heuristic Evaluation'!D:D, 2) -> 1 | E6: =COUNTIFS('Group Heuristic Evaluation'!B:B, "H5: Error Prevention", 'Group Heuristic Evaluation'!D:D, 3) -> 0 | F6: =COUNTIFS('Group Heuristic Evaluation'!B:B, "H5: Error Prevention", 'Group Heuristic Evaluation'!D:D, 4) -> 1 | G6: =SUM(C6:F6) -> 2
A7: H6: Recognition not Recall | B7: =COUNTIFS('Group Heuristic Evaluation'!B:B, "H6: Recognition not Recall", 'Group Heuristic Evaluation'!D:D, 0) -> 1 | C7: =COUNTIFS('Group Heuristic Evaluation'!B:B, "H6: Recognition not Recall", 'Group Heuristic Evaluation'!D:D, 1) -> 2 | D7: =COUNTIFS('Group Heuristic Evaluation'!B:B, "H6: Recognition not Recall", 'Group Heuristic Evaluation'!D:D, 2) -> 1 | E7: =COUNTIFS('Group Heuristic Evaluation'!B:B, "H6: Recognition not Recall", 'Group Heuristic Evaluation'!D:D, 3) -> 0 | F7: =COUNTIFS('Group Heuristic Evaluation'!B:B, "H6: Recognition not Recall", 'Group Heuristic Evaluation'!D:D, 4) -> 0 | G7: =SUM(B7:F7) -> 4
A8: H7: Flexibility & Efficiency of Use | B8: =COUNTIFS('Group Heuristic Evaluation'!B:B, "H7: Flexibility & Efficiency of Use", 'Group Heuristic Evaluation'!D:D, 0) -> 0 | C8: =COUNTIFS('Group Heuristic Evaluation'!B:B, "H7: Flexibility & Efficiency of Use", 'Group Heuristic Evaluation'!D:D, 1) -> 3 | D8: =COUNTIFS('Group Heuristic Evaluation'!B:B, "H7: Flexibility & Efficiency of Use", 'Group Heuristic Evaluation'!D:D, 2) -> 2 | E8: =COUNTIFS('Group Heuristic Evaluation'!B:B, "H7: Flexibility & Efficiency of Use", 'Group Heuristic Evaluation'!D:D, 3) -> 5 | F8: =COUNTIFS('Group Heuristic Evaluation'!B:B, "H7: Flexibility & Efficiency of Use", 'Group Heuristic Evaluation'!D:D, 4) -> 2 | G8: =SUM(B8:F8) -> 12
A9: H8: Aesthetic & Minimalist Design | B9: =COUNTIFS('Group Heuristic Evaluation'!B:B, "H8: Aesthetic & Minimalist Design", 'Group Heuristic Evaluation'!D:D, 0) -> 0 | C9: =COUNTIFS('Group Heuristic Evaluation'!B:B, "H8: Aesthetic & Minimalist Design", 'Group Heuristic Evaluation'!D:D, 1) -> 4 | D9: =COUNTIFS('Group Heuristic Evaluation'!B:B, "H8: Aesthetic & Minimalist Design", 'Group Heuristic Evaluation'!D:D, 2) -> 2 | E9: =COUNTIFS('Group Heuristic Evaluation'!B:B, "H8: Aesthetic & Minimalist Design", 'Group Heuristic Evaluation'!D:D, 3) -> 2 | F9: =COUNTIFS('Group Heuristic Evaluation'!B:B, "H8: Aesthetic & Minimalist Design", 'Group Heuristic Evaluation'!D:D, 4) -> 1 | G9: =SUM(B9:F9) -> 9
A10: H9: Help Users with Errors | B10: =COUNTIFS('Group Heuristic Evaluation'!B:B, "H9: Help Users with Errors", 'Group Heuristic Evaluation'!D:D, 0) -> 1 | C10: =COUNTIFS('Group Heuristic Evaluation'!B:B, "H9: Help Users with Errors", 'Group Heuristic Evaluation'!D:D, 1) -> 0 | D10: =COUNTIFS('Group Heuristic Evaluation'!B:B, "H9: Help Users with Errors", 'Group Heuristic Evaluation'!D:D, 2) -> 1 | E10: =COUNTIFS('Group Heuristic Evaluation'!B:B, "H9: Help Users with Errors", 'Group Heuristic Evaluation'!D:D, 3) -> 0 | F10: =COUNTIFS('Group Heuristic Evaluation'!B:B, "H9: Help Users with Errors", 'Group Heuristic Evaluation'!D:D, 4) -> 1 | G10: =SUM(B10:F10) -> 3
A11: H10: Help & Documentation | B11: =COUNTIFS('Group Heuristic Evaluation'!B:B, "H10: Help & Documentation", 'Group Heuristic Evaluation'!D:D, 0) -> 2 | C11: =COUNTIFS('Group Heuristic Evaluation'!B:B, "H10: Help & Documentation", 'Group Heuristic Evaluation'!D:D, 1) -> 2 | D11: =COUNTIFS('Group Heuristic Evaluation'!B:B, "H10: Help & Documentation", 'Group Heuristic Evaluation'!D:D, 2) -> 2 | E11: =COUNTIFS('Group Heuristic Evaluation'!B:B, "H10: Help & Documentation", 'Group Heuristic Evaluation'!D:D, 3) -> 1 | F11: =COUNTIFS('Group Heuristic Evaluation'!B:B, "H10: Help & Documentation", 'Group Heuristic Evaluation'!D:D, 4) -> 0 | G11: =SUM(B11:F11) -> 7
A12: H11: Accessible Design | B12: =COUNTIFS('Group Heuristic Evaluation'!B:B, "H11: Accessible Design", 'Group Heuristic Evaluation'!D:D, 0) -> 0 | C12: =COUNTIFS('Group Heuristic Evaluation'!B:B, "H11: Accessible Design", 'Group Heuristic Evaluation'!D:D, 1) -> 0 | D12: =COUNTIFS('Group Heuristic Evaluation'!B:B, "H11: Accessible Design", 'Group Heuristic Evaluation'!D:D, 2) -> 2 | E12: =COUNTIFS('Group Heuristic Evaluation'!B:B, "H11: Accessible Design", 'Group Heuristic Evaluation'!D:D, 3) -> 1 | F12: =COUNTIFS('Group Heuristic Evaluation'!B:B, "H11: Accessible Design", 'Group Heuristic Evaluation'!D:D, 4) -> 1 | G12: =SUM(B12:F12) -> 4
A13: H12. ​​Value Alignment & Inclusion | B13: =COUNTIFS('Group Heuristic Evaluation'!B:B, "H12: Value Alignment & Inclusion", 'Group Heuristic Evaluation'!D:D, 0) -> 0 | C13: =COUNTIFS('Group Heuristic Evaluation'!B:B, "H12: Value Alignment & Inclusion", 'Group Heuristic Evaluation'!D:D, 1) -> 1 | D13: =COUNTIFS('Group Heuristic Evaluation'!B:B, "H12: Value Alignment & Inclusion", 'Group Heuristic Evaluation'!D:D, 2) -> 2 | E13: =COUNTIFS('Group Heuristic Evaluation'!B:B, "H12: Value Alignment & Inclusion", 'Group Heuristic Evaluation'!D:D, 3) -> 1 | F13: =COUNTIFS('Group Heuristic Evaluation'!B:B, "H12: Value Alignment & Inclusion", 'Group Heuristic Evaluation'!D:D, 4) -> 0 | G13: =SUM(B13:F13) -> 4
A14: Total Violations | B14: =SUM(B2:B13) -> 5 | C14: =SUM(C1:C13) -> 18 | D14: =SUM(D1:D13) -> 21 | E14: =SUM(E2:E13) -> 17 | F14: =SUM(F2:F13) -> 8 | G14: =SUM(G2:G13) -> 69

Sheet Evaluation Statistics
A1: * for this to calculate properly, delete any unused rows from your 'Group Heuristic Evaluation' chart!
A2: Severity
A3: 0 | B3: =COUNTIFS('Group Heuristic Evaluation'!I11:I1001, "*A*",'Group Heuristic Evaluation'!D11:D1001, 0)/COUNTA('Group Heuristic Evaluation'!B11:B1001) -> 0.072463768 | C3: =COUNTIFS('Group Heuristic Evaluation'!I11:I1001, "*B*",'Group Heuristic Evaluation'!D11:D1001, 0)/COUNTA('Group Heuristic Evaluation'!B11:B1001) -> 0.014492754 | D3: =COUNTIFS('Group Heuristic Evaluation'!I11:I1001, "*C*",'Group Heuristic Evaluation'!D11:D1001, 0)/COUNTA('Group Heuristic Evaluation'!B11:B1001) -> 0 | E3: =COUNTIFS('Group Heuristic Evaluation'!I11:I1001, "*D*",'Group Heuristic Evaluation'!D11:D1001, 0)/COUNTA('Group Heuristic Evaluation'!B11:B1001) -> 0.014492754
A4: 1 | B4: =COUNTIFS('Group Heuristic Evaluation'!I11:I1001, "*A*",'Group Heuristic Evaluation'!D11:D1001, 1)/COUNTA('Group Heuristic Evaluation'!B11:B1001) -> 0.17391304 | C4: =COUNTIFS('Group Heuristic Evaluation'!I11:I1001, "*B*",'Group Heuristic Evaluation'!D11:D1001, 1)/COUNTA('Group Heuristic Evaluation'!B11:B1001) -> 0.072463768 | D4: =COUNTIFS('Group Heuristic Evaluation'!I11:I1001, "*C*",'Group Heuristic Evaluation'!D11:D1001, 1)/COUNTA('Group Heuristic Evaluation'!B11:B1001) -> 0.086956522 | E4: =COUNTIFS('Group Heuristic Evaluation'!I11:I1001, "*D*",'Group Heuristic Evaluation'!D11:D1001, 1)/COUNTA('Group Heuristic Evaluation'!B11:B1001) -> 0.11594203
A5: 2 | B5: =COUNTIFS('Group Heuristic Evaluation'!I11:I1001, "*A*",'Group Heuristic Evaluation'!D11:D1001, 2)/COUNTA('Group Heuristic Evaluation'!B11:B1001) -> 0.1884058 | C5: =COUNTIFS('Group Heuristic Evaluation'!I11:I1001, "*B*",'Group Heuristic Evaluation'!D11:D1001, 2)/COUNTA('Group Heuristic Evaluation'!B11:B1001) -> 0.072463768 | D5: =COUNTIFS('Group Heuristic Evaluation'!I11:I1001, "*C*",'Group Heuristic Evaluation'!D11:D1001, 2)/COUNTA('Group Heuristic Evaluation'!B11:B1001) -> 0.10144928 | E5: =COUNTIFS('Group Heuristic Evaluation'!I11:I1001, "*D*",'Group Heuristic Evaluation'!D11:D1001, 2)/COUNTA('Group Heuristic Evaluation'!B11:B1001) -> 0.14492754
A6: 3 | B6: =COUNTIFS('Group Heuristic Evaluation'!I11:I1001, "*A*",'Group Heuristic Evaluation'!D11:D1001, 3)/COUNTA('Group Heuristic Evaluation'!B11:B1001) -> 0.14492754 | C6: =COUNTIFS('Group Heuristic Evaluation'!I11:I1001, "*B*",'Group Heuristic Evaluation'!D11:D1001, 3)/COUNTA('Group Heuristic Evaluation'!B11:B1001) -> 0.14492754 | D6: =COUNTIFS('Group Heuristic Evaluation'!I11:I1001, "*C*",'Group Heuristic Evaluation'!D11:D1001, 3)/COUNTA('Group Heuristic Evaluation'!B11:B1001) -> 0.17391304 | E6: =COUNTIFS('Group Heuristic Evaluation'!I11:I1001, "*D*",'Group Heuristic Evaluation'!D11:D1001, 3)/COUNTA('Group Heuristic Evaluation'!B11:B1001) -> 0.14492754
A7: 4 | B7: =COUNTIFS('Group Heuristic Evaluation'!I11:I1001, "*A*",'Group Heuristic Evaluation'!D11:D1001, 4)/COUNTA('Group Heuristic Evaluation'!B11:B1001) -> 0.072463768 | C7: =COUNTIFS('Group Heuristic Evaluation'!I11:I1001, "*B*",'Group Heuristic Evaluation'!D11:D1001, 4)/COUNTA('Group Heuristic Evaluation'!B11:B1001) -> 0.057971014 | D7: =COUNTIFS('Group Heuristic Evaluation'!I11:I1001, "*C*",'Group Heuristic Evaluation'!D11:D1001, 4)/COUNTA('Group Heuristic Evaluation'!B11:B1001) -> 0.057971014 | E7: =COUNTIFS('Group Heuristic Evaluation'!I11:I1001, "*D*",'Group Heuristic Evaluation'!D11:D1001, 4)/COUNTA('Group Heuristic Evaluation'!B11:B1001) -> 0.028985507
A8: Total (sevs. 3 & 4) | B8: =SUM(B6:B7) -> 0.2173913 | C8: =SUM(C6:C7) -> 0.20289855 | D8: =SUM(D6:D7) -> 0.23188406 | E8: =SUM(E6:E7) -> 0.17391304
A9: Total (all sevs) | B9: =SUM(B3:B7) -> 0.65217391 | C9: =SUM(C3:C7) -> 0.36231884 | D9: =SUM(D3:D7) -> 0.42028986 | E9: =SUM(E3:E7) -> 0.44927536

Sheet Summary Recommendations
A1: Summary Recommendations [merge the general recommendations you made here]
A2: We found it really fun to explore the DareDrop prototype! We especially love the fun visual layout and the unique structure of the Past Dares page. Moreover, we think the whole concept of sending daily dares to stimulate creativity among users is very novel! Throughout our evaluation, we noticed that issues related to H4 (Consistency and Standards), H7 (Flexibility and Efficiency of Use), and H8 (Aesthetics and Minimalist Design) stood out. While navigating through the app, we had trouble identifying which elements were pressable or not because they did not have consistent shadow effects (i.e. some buttons and cards had shadow effects while others did not). This was especially evident when we went back to the home page after having completed a dare — the cards were in a different color, the logo was in a different position, and the overall structure was very different, making us initially very confused about the drastic shift in layout. We also felt we had little flexibility in accessing the dare we had just created and sharing it. For instance, when we complete a dare, we can only access past dares, but we can’t click into the dare we just completed to either modify it, delete it, or share it. Additionally, when clicking into the button to see past dares, we expect to see our newly completed dare within that page somewhere, but we don’t, or it is not easily visible. As mentioned, we really liked the layout for seeing the Past Dares page, however, we think it can be hard to navigate, especially in the case where you have many dares. Implementing a sorting or search system or displaying the circles in a certain order can help address this issue. Moreover, while we do like the colorful aesthetic of the app, as it sets the tone and values effectively, there are instances where the contrast is not the best, making certain components or text hard to read. Ensuring that elements, especially texts, are easily legible across all screens will ensure users an easier time navigating through the app. In addition to the heuristics, we think it could be beneficial for DareDrop to have in-app features for sharing dares with other people, as it will encourage users to engage with the product more. As it is now, users have to share their dares through an external source, making the sharing feature feel disconnected from the app itself. Including a feature where you can invite people to use/subscribe to the app and share with others that are already in the platform itself can increase the sense of community within the app. For instance, there can be a chat or community feature where you can easily see and receive drops from other people. Once someone sends you a dare, a notification will show up within the platform with the person who sent you and a place where you can complete and send them the dare once it has been completed. Additionally, we believe that to incentivize people to complete their dares more, the app could include a countdown timer within the card — creating a sense of urgency to fulfill the challenge. Including a welcome page that establishes your logo/values can also help align the users with DareDrop’s mission, and an ability to input their login and name information. By adding this, you can include a profile page, giving users the flexibility to change their information (such as their name). Overall, we had a really fun time navigating through your app and I’m super excited to see the final version!
